 Dungeon Crawl Stone Soup version 0.31.0-4-g52a2dc7128 (webtiles) character file.

Game seed: 1355264018937718521

252 Destapler the Sneak (level 6, 0/42 HPs)
             Began as an Octopode Shapeshifter on Jan 22, 2024.
             Was a Believer of Sif Muna.
             Killed from afar by a dart slug (5 damage)
             ... with a slug dart
             ... in a sewer.
             The game lasted 00:07:07 (1659 turns).

Destapler the Sneak (Octopode Shapeshifter)         Turns: 1659, Time: 00:07:08

Health: 0/42       AC:  1    Str: 16    XL:     6   Next: 13%
Magic:  5/7        EV: 13    Int: 12    God:    Sif Muna [**....]
Gold:   113        SH:  0    Dex: 11    Spells: 5/5 levels left

rFire   . .          .
                       - Unarmed
rCold   . . .        (no shield)
rNeg    . . .        (helmet currently unavailable)
rPois   .            (no amulet)
rElec   .            (no ring)
rCorr   .            (no ring)
SInv    .            (no ring)
Will    .....        (no ring)
Stlth   +++          (no ring)
HPRegen 0.27/turn    (no ring)
MPRegen 0.10/turn    (no ring)
                     (no ring)

%: no passive effects
@: beast-form
A: beast (slay +1), almost no armour, amphibious, 8 rings, camouflage 1,
gelatinous body 1, (nimble swimmer 1), tentacles
a: Begin Untransformation, Renounce Religion, Channel Magic


You were in a sewer.
You worshipped Sif Muna.
Sif Muna was pleased with you.
You were a hulking beast.
You visited 1 branch of the dungeon, and saw 3 of its levels.
You also visited: Sewer.

You collected 113 gold pieces.

Inventory:

Talismans
 b - a beast talisman
 c - a flux talisman
Scrolls
 a - 2 scrolls of butterflies {unknown}
 d - 2 scrolls of blinking
 f - a scroll of identify
 l - a scroll of fear {unknown}
 p - a scroll of enchant weapon {unknown}
Potions
 e - 2 potions of might
 g - a potion of resistance {unknown}
 i - a potion of berserk rage {unknown}
 m - a potion of mutation {unknown}
 n - a potion of curing
 o - a potion of heal wounds {unknown}


   Skills:
 + Level 3.4 Fighting
 - Level 3.0 Dodging
 + Level 3.9 Stealth
 + Level 3.4 Unarmed Combat
 + Level 1.5 Invocations
 + Level 3.3 Shapeshifting


You had 5 spell levels left.
You didn't know any spells.
Your spell library was empty.

Dungeon Overview and Level Annotations

Branches:
Dungeon (3/15)              Sewer (1/1)

Altars:
Sif Muna


Innate Abilities, Weirdness & Mutations

You are a hulking beast.
Your limbs bulge with bestial killing power. (Slay +1)
You cannot wear most types of armour.
You are amphibious.
You can wear up to eight rings at the same time.
Your skin changes colour to match your surroundings (Stealth+).
Your rubbery body absorbs attacks. (AC +1, EV +1)
((You are camouflaged when in or above water. (Stealth+)))
You have tentacles for arms and can constrict up to eight enemies at once.


Message History

The bullfrog completely misses you.
The bullfrog hits you but does no damage.
The bullfrog attacks as it pursues you! The bullfrog barely misses you.
The bullfrog closely misses you. The bullfrog misses you.
The bullfrog barely misses you. The bullfrog attacks as it pursues you!
The bullfrog barely misses you.
You barely miss the bullfrog. You grab the bullfrog. You squeeze the bullfrog.
The bullfrog is almost dead.
You constrict the bullfrog. The bullfrog closely misses you. x2
The bullfrog barely misses you. x2
You tentacle-slap the bullfrog.
You kill the bullfrog!
Sif Muna accepts your kill. The bullfrog misses you.
Your Invocations skill increases to level 1!
You closely miss the bullfrog. You grab the bullfrog.
You constrict the bullfrog. The bullfrog barely misses you.
You tentacle-slap the bullfrog.
The bullfrog is lightly wounded.
You constrict the bullfrog.
The bullfrog hits you but does no damage.
The dart slug briefly extends its eye-stalks.
The bullfrog barely misses you.
You tentacle-slap the bullfrog. Your squeeze misses the bullfrog.
The bullfrog is heavily wounded.
You constrict the bullfrog. The bullfrog hits you!
* * * LOW HITPOINT WARNING * * *
You bludgeon the bullfrog!
The bullfrog is almost dead.
You constrict the bullfrog.
You kill the bullfrog!
Sif Muna accepts your kill. The frilled lizard barely misses you.
You have reached level 6!
You tentacle-slap the frilled lizard.
You kill the frilled lizard!
Sif Muna accepts your kill. The dart slug launches a dart at you.
The slug dart hits you.
You die...

≈~..~≈≈...≈≈≈≈≈≈#
≈.~~.~?[.~~≈≈≈≈≈#
≈≈~.~.)?$.≈≈≈≈≈≈#
~≈≈.~~.)w≈≈≈≈≈≈≈#
≈~.~~.~w≈≈≈≈≈≈≈≈# ~≈~.
≈≈~~~~≈≈≈≈≈≈~≈≈## .~≈~.#
≈≈≈≈≈≈≈≈≈≈≈~≈≈≈# #~~≈~.#
≈≈≈~~≈≈≈≈≈≈≈~#######~~≈~.#
~~~≈≈~≈~~..†.h....~~.~≈≈~#
≈≈≈~~≈~~~~~~~~~~~~~~~~≈~.#
≈≈≈≈≈≈≈≈≈≈≈≈≈≈≈≈≈≈≈≈≈≈≈~.#
~~~~~~~~~~~~~~~~~~~~~≈~~#
...............†~~.~≈~.#
#################.~≈~~#
########~~≈†~#
########.~..~~~~~≈~.#####
#.∩.∩...~~~~~~~~~≈≈≈≈≈≈≈≈


You could see 2 dart slugs.

Vanquished Creatures
  2 bullfrogs (Sewer)
  6 adders
  3 dart slugs
  2 ribbon worms (D:2)
  2 bats
  5 endoplasms
  4 giant cockroaches
  6 goblins
  2 hobgoblins
  4 jackals
  2 quokkas
  5 ball pythons
  3 frilled lizards
  11 kobolds
  6 rats
63 creatures vanquished.

Notes
Turn   | Place    | Note
-------+----------+-------------------------------------------
     0 | D:1      | Destapler the Octopode Shapeshifter began the quest for the
                  | Orb.
     0 | D:1      | Reached XP level 1. HP: 13/13 MP: 1/1
   129 | D:1      | Reached skill level 1 in Stealth
   136 | D:1      | Reached XP level 2. HP: 18/18 MP: 2/2
   226 | D:1      | Reached XP level 3. HP: 20/24 MP: 3/3
   396 | D:1      | Found a faded altar of an unknown god.
   550 | D:1      | Prayed at the altar of an unknown god.
   550 | D:1      | Became a worshipper of Sif Muna the Loreminder
   550 | D:1      | Reached * piety under Sif Muna
   975 | D:2      | Reached XP level 4. HP: 29/29 MP: 4/4
  1578 | D:3      | Found a glowing drain.
  1590 | Sewer    | Entered a sewer
  1634 | Sewer    | Reached XP level 5. HP: 35/36 MP: 5/5
  1655 | Sewer    | Reached skill level 1 in Invocations
  1659 | Sewer    | Reached XP level 6. HP: 5/42 MP: 5/7
  1659 | Sewer    | Reached ** piety under Sif Muna
  1659 | Sewer    | Killed from afar by a dart slug

Illustrated notes

Levels and vault maps discovered:
D:1:      sevenhm_arrival_forest_fort_small_5, layout_basic,
          chequers_ecumenical_altar_simple, serial_glass, glass_columns_c,
          glass_columns_c, glass_columns_b, glass_columns_a, glass_columns_a,
          glass_columns_a, glass_columns_b, glass_columns_a,
          corexii_leaking_fountain, minmay_tall_x
D:2:      minmay_skewed_foursquare, layout_loops_ring
D:3:      layout_rooms, portal_sewer_entry_d
Sewer:    sewer_frog_island_01

Skill      XL: |  1  2  3  4  5 |
---------------+----------------+-----
Stealth        | 1 2 3 |  3.9
Fighting       | 2 3 |  3.4
Dodging        | 3 |  3.0
Invocations    | 1 |  1.5
Unarmed Combat | |  3.4
Shapeshifting  | |  3.3

Action                     |  1- 3 |  4- 6 || total
---------------------------+-------+-------++-------
  Melee: Unarmed           |    71 |    63 ||   134
         Constrict         |    21 |    12 ||    33
         Tentacles         |     9 |    11 ||    20
         Punch             |     1 |     2 ||     3
    Use: Scroll            |       |     6 ||     6
         Potion            |       |     1 ||     1
   Stab: Sleeping          |     5 |     6 ||    11
         Distracted        |     1 |       ||     1
 Armour: Skin              |    22 |    39 ||    61
  Dodge: Dodged            |    33 |    47 ||    80
